 Dungeon Crawl Stone Soup version 0.17.1-2-g5865329 (webtiles) character file.

17744 Glider the Covert (level 12, -3/86 HPs)
             Began as a Vampire Enchanter on Jan 23, 2016.
             Was an Elder of Kikubaaqudgha.
             Slain by a skeletal warrior (19 damage)
             ... on level 11 of the Dungeon.
             The game lasted 01:28:35 (16875 turns).

Glider the Covert (Vampire Enchanter)              Turns: 16875, Time: 01:28:36

Health: -3/86      AC:  8    Str:  7    XL:     12   Next: 21%
Magic:  4/21       EV: 17    Int: 22    God:    Kikubaaqudgha [****..]
Gold:   402        SH:  0    Dex: 17    Spells: 7 memorised, 3 levels left

rFire  . . .     SeeInvis +     r - +1 dagger (speed)
rCold  + + .     Clarity  .     x - +3 leather armour {MR+}
rNeg   + + +     SustAt   .     (no shield)
rPois  +         Gourm    .     X - +0 hat
rElec  .         Spirit   .     K - +0 cloak
rCorr  .         Warding  .     m - +0 pair of gloves
rMut   .         Stasis   .     (no boots)
MR     +++..                    (no amulet)
Stlth  +++++++...               n - +2 ring of dexterity
                                E - ring of protection from magic

@: regenerating, extremely resistant to hostile enchantments, extremely stealthy
A: fangs 3, see invisible, unbreathing
a: Bat Form, Receive Corpses, Renounce Religion


You were on level 11 of the Dungeon.
You worshipped Kikubaaqudgha.
Kikubaaqudgha was greatly pleased with you.
You were near bloodless.

You visited 3 branches of the dungeon, and saw 15 of its levels.
You also visited: Sewer.

You collected 806 gold pieces.
You spent 404 gold pieces at shops.

Inventory:

Hand Weapons
 j - a +3 dagger
 r - a +1 dagger of speed (weapon)
Armour
 b - a troll hide
 m - a +0 pair of gloves (worn)
 x - a +3 leather armour of magic resistance (worn)
 K - a +0 cloak (worn)
 X - a +0 hat (worn)
Jewellery
 n - a +2 ring of dexterity (right hand)
 E - a ring of protection from magic (left hand)
 R - an uncursed ring of fire
Wands
 a - a wand of flame (35)
 y - a wand of lightning (7)
 N - a wand of invisibility (4)
Scrolls
 c - 2 scrolls of identify
 e - 2 scrolls of fog
 k - a scroll of recharging
 l - 7 scrolls of teleportation
 s - a scroll of noise {unknown}
 D - 5 scrolls of remove curse
 F - 5 scrolls of fear
 H - a scroll of blinking {unknown}
 I - a scroll of silence {unknown}
 L - a scroll of amnesia {unknown}
 U - 2 scrolls of vulnerability {unknown}
 W - 3 scrolls of magic mapping
Potions
 d - 29 potions of blood
 f - 9 potions of curing
 g - 2 potions of ambrosia
 h - 3 potions of might
 i - 2 potions of resistance {unknown}
 o - a potion of invisibility {unknown}
 p - 2 potions of magic
 q - 3 potions of heal wounds
 t - 3 potions of brilliance
 u - 2 potions of flight
 B - a potion of cancellation
 G - 2 potions of haste
 Y - a potion of agility


   Skills:
 - Level 5.0 Fighting
 - Level 10.0 Short Blades
 - Level 3.0 Armour
 - Level 8.0 Dodging
 - Level 13.1 Stealth
 - Level 6.1 Spellcasting
 - Level 11.0 Hexes
 - Level 4.0 Charms
 * Level 8.0 Necromancy
 - Level 2.0 Evocations


You had 3 spell levels left.
You knew the following spells:

 Your Spells              Type           Power        Failure   Level  Hunger
a - Corona                Hex            ######.      1%          1    None
b - Confuse               Hex            ######..     1%          3    #......
c - Tukima's Dance        Hex            ######..     1%          3    #......
d - Dazzling Spray        Conj/Hex       ####....     4%          3    #......
e - Sublimation of Blood  Necr           #####.....   1%          2    None
f - Regeneration          Chrm/Necr      ####......   3%          3    #......
g - Dispel Undead         Necr           #####...     14%         5    #####..


Dungeon Overview and Level Annotations

Branches:
Dungeon (13/15)            Temple (1/1) D:6            Lair (1/8) D:11
    Orc (0/4) D:11
 Vaults: D:13-14

Altars:
Ashenzari
Cheibriados
Dithmenos
Elyvilon
Fedhas
Gozag
Kikubaaqudgha
Makhleb
Nemelex Xobeh
Okawaru
Qazlal
Ru
Sif Muna
Trog
Vehumet
Xom
Yredelemnul
Zin
The Shining One

Shops:
D:9 !   D:12 ?


Innate Abilities, Weirdness & Mutations

You heal slowly.
You have razor-sharp teeth.
You have supernaturally acute eyesight.
You can survive without breathing.


Message History

The skeletal warrior is moderately damaged.
You closely miss the skeletal warrior.
The skeletal warrior is moderately damaged.
Your hand axe hits the skeletal warrior but does no damage.
The skeletal warrior hits you but does no damage.
You hit the skeletal warrior but do no damage.
The skeletal warrior is moderately damaged.
You hit the skeletal warrior.
The skeletal warrior is moderately damaged.
Your hand axe hits the skeletal warrior but does no damage.
You barely miss the skeletal warrior.
The skeletal warrior is moderately damaged.
The skeletal warrior hits you.
* * * LOW HITPOINT WARNING * * *
Your hand axe barely misses the skeletal warrior.
You feel almost devoid of blood!
Your hand axe hits the skeletal warrior.
The skeletal warrior hits you!!
You die...
Kikubaaqudgha rasps: "You have failed me!
Welcome... oblivion!"

###.##...........# #....#
#.##..##.#...# ########.##
#.##.........####.........#
####.##.###..........######.##
#.##.##.# ##.## #.# .....##.#
##.## #.# #.#####.#####.).##
#.# #.#####.......(z.##
####.## #.##.######.....@.##
##.##..#
#.#...####..)......####.<.##.#
.........+..........<......#.#
......####........>..........#
.......# ##.......#.####.##..#
.>..##.# ##.....##.# ####..#
...###.######...###.# <..#
###........###+## #.# ##.##
#.##.##...# #.# #.#


You could see a skeletal warrior and a friendly hand axe.

Vanquished Creatures
  The ghost of Arkorax the Carver, a novice HECK of Xom (D:7)
  4 unseen horrors
  3 hill giants
  An oklob plant (Lair:1)
  A manticore (D:12)
  Psyche (D:9)
  2 gargoyles
  2 kobold demonologists (D:12)
  A queen bee (D:10)
  A troll (D:12)
  A two-headed ogre (D:8)
  A trapdoor spider (D:11)
  Sigmund (D:3)
  A shadow (D:11)
  8 yaks (D:11)
  A steam dragon (D:12)
  A wyvern (D:9)
  Eustachio (D:4)
  4 deep elf magi
  3 hippogriffs
  A warg (D:11)
  2 basilisks (D:11)
  4 vampire mosquitoes (D:12)
  4 porcupines (D:11)
  Duvessa (D:4)
  3 ice beasts
  An orc warrior (D:11)
  A wasp (D:10)
  A phantom (D:6)
  A sky beast (D:7)
  3 black bears
  2 necrophages (D:12)
  5 ogres
  6 centaurs
  A crocodile (D:11)
  5 big kobolds
  6 giant frogs
  Dowan (D:4)
  A wyvern skeleton (D:10)
  27 killer bees
  9 wights
  2 scorpions
  8 crimson imps
  4 jellies
  A giant frog zombie (D:11)
  The ghost of Amadiro the Firebug, a weakling DEFE (D:3)
  A quasit (D:11)
  3 iguanas
  4 hounds
  5 orc priests
  A giant frog skeleton (D:11)
  4 orc wizards
  9 worker ants
  A killer bee zombie (D:8)
  2 hound zombies
  A hound skeleton (D:5)
  15 adders
  3 gnolls (D:4)
  2 river rats (D:11)
  4 shadow imps
  4 oozes
  2 worms
  3 adder skeletons
  11 giant geckos
  28 orcs
  9 goblins
  6 hobgoblins
  12 jackals
  6 ball pythons
  8 bats
  12 giant cockroaches
  A giant gecko skeleton (D:5)
  6 giant newts
  22 kobolds
  5 quokkas
  A quokka skeleton (D:6)
  14 rats
345 creatures vanquished.

Vanquished Creatures (collateral kills)
  Erica (D:9)
  2 skeletal warriors (D:11)
  2 yaks (D:11)
  3 killer bees (D:10)
  A river rat (D:11)
9 creatures vanquished.

Vanquished Creatures (others)
  A dancing weapon (D:11)
  4 bushes (D:11)
  3 fungi (D:11)
  7 plants (D:11)
15 creatures vanquished.

Grand Total: 369 creatures vanquished

Notes
Turn   | Place    | Note
--------------------------------------------------------------
     0 | D:1      | Glider the Vampire Enchanter began the quest for the Orb.
     0 | D:1      | Reached XP level 1. HP: 13/13 MP: 3/3
   140 | D:1      | Reached XP level 2. HP: 11/19 MP: 5/5
   306 | D:1      | Reached skill level 5 in Hexes
   311 | D:1      | Reached skill level 5 in Stealth
   567 | D:1      | Reached XP level 3. HP: 7/24 MP: 6/6
   572 | D:1      | Learned a level 3 spell: Confuse
  1048 | D:2      | Found a shadowy altar of Dithmenos.
  1050 | D:2      | Found a deep blue altar of Sif Muna.
  1052 | D:2      | Found an iron altar of Okawaru.
  1052 | D:2      | Found a basalt altar of Yredelemnul.
  1052 | D:2      | Found a snail-covered altar of Cheibriados.
  1052 | D:2      | Found a glowing golden altar of the Shining One.
  1058 | D:2      | Reached skill level 6 in Hexes
  1662 | D:2      | You fall through a shaft!
  2010 | D:3      | Reached XP level 4. HP: 23/30 MP: 7/7
  2028 | D:3      | Learned a level 3 spell: Tukima's Dance
  2176 | D:2      | Reached skill level 7 in Hexes
  2674 | D:3      | Noticed Sigmund
  2689 | D:3      | Killed Sigmund
  2689 | D:3      | Reached skill level 8 in Stealth
  2689 | D:3      | Reached XP level 5. HP: 35/35 MP: 5/8
  2803 | D:3      | Reached XP level 6. HP: 41/41 MP: 2/9
  2993 | D:3      | Noticed Amadiro's ghost (weakling DEFE)
  3349 | D:3      | Killed Amadiro's ghost
  3374 | D:3      | Found an ancient bone altar of Kikubaaqudgha.
  3781 | D:3      | Reached skill level 9 in Stealth
  3819 | D:3      | Became a worshipper of Kikubaaqudgha
  3882 | D:4      | Noticed Dowan
  3883 | D:4      | Noticed Duvessa
  4274 | D:4      | Killed Duvessa
  4274 | D:4      | Reached XP level 7. HP: 40/46 MP: 3/10
  4281 | D:4      | Killed Dowan
  4589 | D:4      | Reached skill level 5 in Short Blades
  4899 | D:4      | Learned a level 3 spell: Dazzling Spray
  5157 | D:4      | Noticed Eustachio
  5163 | D:4      | Killed Eustachio
  5163 | D:4      | Reached XP level 8. HP: 52/52 MP: 12/12
  5376 | D:5      | Entered Level 5 of the Dungeon
  6068 | D:6      | Reached * piety under Kikubaaqudgha
  6068 | D:6      | Received a gift from Kikubaaqudgha
  6069 | D:6      | Identified Kikubaaqudgha's Compendium of Black Arts (Kikubaaqudgha gifted it to you on level 6 of the Dungeon)
  6184 | D:6      | Found a glowing drain.
  6192 | Sewer    | Entered a sewer
  6269 | Sewer    | Reached skill level 1 in Armour
  7258 | D:6      | Found a staircase to the Ecumenical Temple.
  7266 | Temple   | Entered the Ecumenical Temple
  7873 | D:7      | Noticed Arkorax's ghost (novice HECK)
  8157 | D:6      | Reached skill level 1 in Fighting
  8470 | D:7      | Reached XP level 9. HP: 59/59 MP: 13/13
  8535 | D:7      | Reached ** piety under Kikubaaqudgha
  8629 | D:7      | Learned a level 2 spell: Sublimation of Blood
  9117 | D:7      | Reached skill level 1 in Necromancy
  9592 | D:7      | Killed Arkorax's ghost
  9592 | D:7      | Reached skill level 10 in Hexes
  9950 | D:8      | Reached skill level 11 in Hexes
 10007 | D:8      | Reached skill level 1 in Evocations
 10143 | D:8      | Reached XP level 10. HP: 67/67 MP: 10/14
 10564 | D:9      | Noticed Erica
 10572 | D:9      | Killed Erica
 10572 | D:9      | Reached skill level 10 in Stealth
 11003 | D:9      | Found Rotuen's Distillery.
 11011 | D:9      | Bought a potion of heal wounds for 75 gold pieces
 11011 | D:9      | Bought a potion of agility for 60 gold pieces
 11011 | D:9      | Bought a potion of poison for 15 gold pieces
 11011 | D:9      | Bought a potion of brilliance for 60 gold pieces
 11239 | D:9      | Noticed Psyche
 11246 | D:9      | Killed Psyche
 11246 | D:9      | Reached skill level 12 in Stealth
 11498 | D:10     | Entered Level 10 of the Dungeon
 11503 | D:10     | Noticed a hill giant
 11514 | D:10     | Killed a hill giant
 11678 | D:10     | Reached *** piety under Kikubaaqudgha
 11678 | D:10     | Received a gift from Kikubaaqudgha
 11679 | D:10     | Identified Kikubaaqudgha's Collected Works on Darkness (Kikubaaqudgha gifted it to you on level 10 of the Dungeon)
 12166 | D:10     | Noticed an unseen horror
 12180 | D:10     | Killed an unseen horror
 12180 | D:10     | Reached skill level 5 in Spellcasting
 12510 | D:10     | Learned a level 3 spell: Regeneration
 12516 | D:10     | Learned a level 5 spell: Dispel Undead
 12662 | D:10     | Noticed an unseen horror
 12672 | D:10     | Killed an unseen horror
 12672 | D:10     | Reached skill level 1 in Charms
 12672 | D:10     | Reached XP level 11. HP: 63/75 MP: 17/20
 12946 | D:10     | Reached skill level 10 in Short Blades
 13632 | D:11     | Noticed a hill giant
 13632 | D:11     | Reached skill level 5 in Necromancy
 13799 | D:11     | Found a staircase to the Lair.
 13838 | D:11     | Killed a hill giant
 14000 | D:11     | Noticed an unseen horror
 14008 | D:11     | Killed an unseen horror
 14015 | D:11     | Got a transparent marble ring
 14017 | D:11     | Identified the ring "Bothriuf" {rN+ Str+4 Int+3 Slay-6} (You found it on level 11 of the Dungeon)
 14033 | D:11     | Found a staircase to the Orcish Mines.
 14066 | D:11     | Reached **** piety under Kikubaaqudgha
 14146 | D:11     | Noticed a hill giant
 14180 | D:11     | Killed a hill giant
 14332 | D:11     | Reached skill level 13 in Stealth
 14806 | D:11     | Noticed a skeletal warrior
 14878 | Lair:1   | Entered Level 1 of the Lair of Beasts
 14997 | D:11     | Reached skill level 5 in Dodging
 15125 | D:11     | Noticed a skeletal warrior
 15125 | D:11     | Noticed a skeletal warrior
 15126 | D:11     | Noticed a skeletal warrior
 15649 | D:12     | Found Fayst's Magic Scroll Emporium.
 15656 | D:12     | Bought a scroll of fear for 45 gold pieces
 15656 | D:12     | Bought a scroll of identify for 26 gold pieces
 15656 | D:12     | Bought a scroll of recharging for 123 gold pieces
 16123 | D:12     | Reached XP level 12. HP: 84/84 MP: 14/21
 16275 | D:12     | Noticed an unseen horror
 16297 | D:12     | Killed an unseen horror
 16583 | D:12     | Found a deep blue altar of Sif Muna.
 16673 | D:13     | Noticed a centaur warrior
 16674 | D:13     | Noticed an ogre mage
 16838 | D:11     | Killed a skeletal warrior
 16852 | D:11     | Killed a skeletal warrior
 16852 | D:11     | Reached skill level 5 in Fighting
 16875 | D:11     | Slain by a skeletal warrior

Action                   |  1- 3 |  4- 6 |  7- 9 | 10-12 || total
-------------------------+-------+-------+-------+-------++-------
Melee: Dagger            |   165 |    77 |   569 |   659 ||  1470
 Cast: Confuse           |     5 |    10 |    41 |   112 ||   168
       Tukima's Dance    |       |     4 |     4 |     9 ||    17
       Regeneration      |       |       |       |    12 ||    12
 Abil: End Transformatio |       |     1 |     1 |       ||     2
       Bat Form          |       |     1 |     1 |       ||     2
  Use: Potion            |       |     3 |     9 |     9 ||    21
       Scroll            |       |       |     4 |    10 ||    14
 Stab: Sleeping          |    15 |     7 |    34 |    34 ||    90
       Confused          |     1 |     8 |    24 |    69 ||   102
       Distracted        |       |     2 |     3 |     3 ||     8
